 Dungeon Crawl Stone Soup version 0.20.1-1-g8b1a95d (console) character file.

1098 hilaritas the Grappler (level 8, 0/75 HPs)
             Began as a Troll Fighter on Dec 3, 2017.
             Slain by an orc warrior
             ... wielding a +0 scimitar
              (6 damage)
             ... on level 4 of the Dungeon.
             The game lasted 00:06:45 (3260 turns).

hilaritas the Grappler (Troll Fighter)              Turns: 3260, Time: 00:06:46

Health: 0/75       AC:  6    Str: 25    XL:     8   Next: 10%
Magic:  7/7        EV:  8    Int:  6    God:
Gold:   117        SH:  9    Dex:  9    Spells: 7/7 levels left

rFire    + . .     SeeInvis .     - Unarmed
rCold    . . .     Gourm    +   b - +0 shield
rNeg     . . .     Faith    .   a - +0 robe
rPois    .         Spirit   .   (helmet restricted)
rElec    .         Reflect  .   g - +0 cloak
rCorr    .         Harm     .   (gloves unavailable)
MR       .....                  (boots unavailable)
Stlth    +.........             (no amulet)
Regen    0.7/turn               r - ring of protection from fire
MPRegen  0.1/turn               (no ring)

@: drained
A: unfitting armour, claws 3, fast metabolism 3, gourmand, regeneration 1,
shaggy fur 1, tough skin 2
a: no special abilities


You were on level 4 of the Dungeon.
You were not hungry.

You visited 1 branch of the dungeon, and saw 5 of its levels.

You collected 117 gold pieces.

Inventory:

Hand Weapons
 s - a +1 whip of freezing
Armour
 a - a +0 robe (worn)
 b - a +0 shield (worn)
 g - a +0 cloak (worn)
Jewellery
 j - an uncursed ring of resist corrosion
 k - an uncursed amulet of magic regeneration
 p - an uncursed ring of ice
 r - a ring of protection from fire (left claw)
Wands
 v - a wand of confusion (27/48)
Scrolls
 e - 2 scrolls of remove curse
 l - a scroll of fear
 n - a scroll of teleportation
Potions
 c - 2 potions of might
 h - 2 potions of curing
 m - a potion of flight {unknown}
 o - a potion of mutation {unknown}
 u - a potion of resistance {unknown}
 w - a potion of agility {unknown}
Comestibles
 d - 4 bread rations
 f - 3 meat rations
 q - 2 royal jellies
 t - 4 fruits


   Skills:
 + Level 3.5(3.4) Fighting
 - Level 2.4(2.3) Dodging
 + Level 4.0 Shields
 * Level 8.3(8.2) Unarmed Combat


You had 7 spell levels left.
You didn't know any spells.

Dungeon Overview and Level Annotations

Branches:
Dungeon (5/15)
 Temple: D:4-7

Altars:
Hepliaklqana
Vehumet
Zin


Innate Abilities, Weirdness & Mutations

You are too large for most types of armour.
You have claws for hands.
Your metabolism is lightning-fast.
You like to eat raw meat.
Your natural rate of healing is unusually fast.
You are covered in fur. (AC +1)
You have very tough skin. (AC +2)


Message History

The orc wizard hits you with a dagger.
* * * LOW HITPOINT WARNING * * *
There is a stone staircase leading up here.
The worker ant waves its antennae.
The orc wizard mumbles some strange words.
The orc wizard blinks!
The orc wizard gestures at you while chanting.
The magic dart hits you!
* * * LOW HITPOINT WARNING * * *
You block the orc priest's attack.
You climb upwards.
There is a stone staircase leading down here.
You completely miss the orc priest.
The orc priest is almost dead.
The orc wizard closely misses you.
The orc priest invokes the aid of Beogh against you.
Pain shoots through your body!
* * * LOW HITPOINT WARNING * * *
The orc warrior hits you with a scimitar.
You die...

####### #.....#
######.....#
##....#o....#
#......o@o..# #####
#.....##.#### #)..#
#..###...# #.).# #..#
#.#.##### #...# ####
#.#(....########### ##'##
#.#.###...#.#.#.#.## #.##
#.#.#.(............# ##.#
#.#.#.#...#.##+##)## #.##
#.#.#.#.....#...#... ##.#
####.#.#.#...#.'...+.#.
##.##
###......#.##..).#...#...


You could see an orc warrior, an orc priest and an orc wizard.

Vanquished Creatures
  Pikel (D:4)
  Edmund (D:4)
  A slave (D:4)
  An ogre (D:4)
  A water moccasin zombie (D:4)
  A scorpion (D:4)
  A hound (D:4)
  Crazy Yiuf (D:4)
  An orc priest (D:4)
  2 worker ants (D:4)
  Terence (D:3)
  An orc wizard (D:4)
  A hound skeleton (D:4)
  6 adders
  2 worms
  3 leopard geckos
  2 orcs (D:4)
  4 giant cockroaches
  6 goblins
  6 hobgoblins
  13 kobolds
  2 quokkas
  A ball python (D:2)
  7 bats
  A frilled lizard (D:1)
  A quokka skeleton (D:4)
  7 rats
75 creatures vanquished.

Vanquished Creatures (others)
  A hound (D:4)
1 creature vanquished.

Grand Total: 76 creatures vanquished

Notes
Turn   | Place    | Note
-------+----------+-------------------------------------------
     0 | D:1      | hilaritas the Troll Fighter began the quest for the Orb.
     0 | D:1      | Reached XP level 1. HP: 22/22 MP: 0/0
   125 | D:1      | Reached XP level 2. HP: 29/29 MP: 1/1
   504 | D:2      | Found a radiant altar of Vehumet.
   574 | D:2      | Reached XP level 3. HP: 36/36 MP: 2/2
   992 | D:2      | Reached skill level 3 in Unarmed Combat
  1495 | D:3      | Reached XP level 4. HP: 39/44 MP: 3/3
  1507 | D:3      | Noticed Terence
  1516 | D:3      | Killed Terence
  1559 | D:3      | Reached skill level 4 in Unarmed Combat
  1775 | D:3      | Found a glowing silver altar of Zin.
  1775 | D:3      | Found a hazy altar of Hepliaklqana.
  2176 | D:4      | Noticed a slave
  2177 | D:4      | Noticed a slave
  2178 | D:4      | Noticed Pikel
  2178 | D:4      | Noticed a slave
  2179 | D:4      | Noticed a slave
  2192 | D:4      | Killed a slave
  2200 | D:4      | Killed Pikel
  2200 | D:4      | Reached skill level 6 in Unarmed Combat
  2200 | D:4      | Reached XP level 5. HP: 27/53 MP: 4/4
  2200 | D:4      | Reached XP level 6. HP: 31/61 MP: 5/5
  2200 | D:4      | Reached XP level 7. HP: 34/67 MP: 6/6
  2350 | D:4      | Reached skill level 7 in Unarmed Combat
  2390 | D:4      | Noticed Edmund
  2399 | D:4      | Killed Edmund
  2633 | D:4      | Reached skill level 8 in Unarmed Combat
  2635 | D:4      | Reached XP level 8. HP: 57/75 MP: 7/7
  3128 | D:4      | Found a runed door.
  3204 | D:4      | Noticed Crazy Yiuf
  3210 | D:4      | Killed Crazy Yiuf
  3249 | D:5      | Entered Level 5 of the Dungeon
  3260 | D:4      | Slain by an orc warrior

Skill      XL: |  1  2  3  4  5  6  7 |
---------------+----------------------+-----
Shields        | 3 4 |  4.0
Unarmed Combat | 3 6 8 |  8.3
Fighting       | 3 |  3.5
Dodging        | |  2.4

Action                   |  1- 3 |  4- 6 |  7- 9 || total
-------------------------+-------+-------+-------++-------
Melee: Unarmed           |   125 |    49 |    69 ||   243
Throw: Throwing net      |       |       |     1 ||     1
  Use: Scroll            |     6 |     1 |     2 ||     9
  Eat: Chunk             |    19 |     3 |     8 ||    30
Armor: Robe              |    31 |    12 |    15 ||    58
Dodge: Dodged            |    28 |    13 |    17 ||    58
Block: Shield            |    45 |    13 |    27 ||    85
